 Dungeon Crawl Stone Soup version 0.17-a0-2231-gd80ca38 (webtiles) character file.

3290 Helmschank the Martial Artist (level 9, 0/65 HPs)
             Began as a Vampire Monk on Oct 29, 2015.
             Was a Priest of Makhleb.
             Killed from afar by MorganLeah's ghost (22 damage)
             ... with a shard of ice
             ... on level 8 of the Dungeon.
             The game lasted 00:55:27 (15331 turns).

Helmschank the Martial Artist (Vampire Monk)       Turns: 15331, Time: 00:55:28

Health: 0/65       AC: 10    Str: 10    XL:     9   Next: 69%
Magic:  11/11      EV: 16    Int: 16    God:    Makhleb [***...]
Gold:   497        SH:  0    Dex: 19    Spells: 2 memorised, 7 levels left

rFire  + . .     SeeInvis +       - Unarmed
rCold  + . .     Clarity  .     K - +0 robe {rF+}
rNeg   + + .     SustAt   .     (no shield)
rPois  +         Gourm    .     g - +1 helmet
rElec  .         Spirit   .     M - +2 cloak
rCorr  .         Warding  .     s - +2 pair of gloves {Dex+3}
rMut   +         Stasis   .     (no boots)
MR     .....                    L - amulet of resist mutation
Stlth  ++++++....               (no ring)
                                v - ring of stealth

@: regenerating slowly, not resistant to hostile enchantments, very stealthy
A: fangs 3, see invisible, unbreathing
a: Bat Form, Minor Destruction, Lesser Servant of Makhleb, Renounce Religion


You were on level 8 of the Dungeon.
You worshipped Makhleb.
Makhleb was most pleased with you.
You were very thirsty.

You visited 2 branches of the dungeon, and saw 9 of its levels.

You collected 497 gold pieces.

Inventory:

Hand Weapons
 n - a +2 halberd of flaming
 t - a +4 short sword of venom
 F - a +2 hand axe of flaming
Missiles
 d - 224 stones
 r - 40 poisoned needles
 w - 5 tomahawks
 H - 3 javelins (quivered)
Armour
 a - a +0 robe
 g - a +1 helmet (worn)
 p - a +0 leather armour
 s - a +2 pair of gloves of dexterity (worn)
 K - a +0 robe of fire resistance (worn)
 M - a +2 cloak (worn)
Magical Staves
 e - an uncursed staff of summoning {unknown}
Jewellery
 m - an uncursed amulet of stasis
 v - a ring of stealth (left hand)
 L - an amulet of resist mutation (around neck)
 O - an uncursed amulet of guardian spirit
Wands
 o - a wand of polymorph (19)
 y - a wand of lightning (1)
 B - a wand of fireball (12)
 C - a wand of disintegration (18)
 G - a wand of magic darts (27)
 I - a wand of polymorph (7)
 N - a wand of fireball (7)
Scrolls
 f - 3 scrolls of blinking
 h - 3 scrolls of enchant weapon
 u - 2 scrolls of remove curse
 J - 3 scrolls of amnesia
Potions
 b - 6 potions of blood
 c - a potion of curing
 i - a potion of resistance
 j - a potion of heal wounds {unknown}
 k - a potion of brilliance {unknown}
 q - a potion of mutation {unknown}
 x - 2 potions of haste {unknown}
 z - a potion of degeneration {unknown}
 A - 2 potions of poison {unknown}
 D - a potion of beneficial mutation {unknown}
 E - a potion of invisibility {unknown}
 P - a potion of cure mutation {unknown}
Books
 l - a book of Geomancy

   Spells                             Type                      Level
   a - Sandblast                      Earth                        1
   b - Stoneskin                      Transmutation/Earth          2
   c - Passwall                       Transmutation/Earth          3
   d - Stone Arrow                    Conjuration/Earth            3
   e - Petrify                        Transmutation/Earth          4
   f - Lee's Rapid Deconstruction     Earth                        5
 Q - a book of Dreams

   Spells                             Type                      Level
   a - Ensorcelled Hibernation        Hexes/Ice                    2
   b - Phase Shift                    Translocation                5
   c - Shadow Creatures               Summoning                    5
   d - Silence                        Hexes/Air                    5
   e - Darkness                       Hexes                        6
   f - Mass Confusion                 Hexes                        6


   Skills:
 + Level 3.6 Fighting
 - Level 1.9 Throwing
 - Level 5.0 Dodging
 - Level 10.0 Stealth
 + Level 12.2 Unarmed Combat
 + Level 1.6 Spellcasting
 + Level 2.1 Transmutations
 + Level 0.0 Earth Magic


You had 7 spell levels left.
You knew the following spells:

 Your Spells              Type           Power        Failure   Level  Hunger
z - Ensorcelled Hibernat  Hex/Ice        #.....       38%         2    ###....
Q - Stoneskin             Trmt/Erth      #.......     24%         2    ###....


Dungeon Overview and Level Annotations

Branches:
Dungeon (8/15)             Temple (1/1) D:5
   Lair: D:8-11

Altars:
Ashenzari
Cheibriados
Dithmenos
Elyvilon
Fedhas
Gozag
Kikubaaqudgha
Makhleb
Nemelex Xobeh
Okawaru
Qazlal
Ru
Sif Muna
Trog
Vehumet
Xom
Yredelemnul
Zin
The Shining One

Annotations:
D:8 MorganLeah's ghost, novice GrIE


Innate Abilities, Weirdness & Mutations

You heal slowly.
You have razor-sharp teeth.
You have supernaturally acute eyesight.
You can survive without breathing.


Message History

MorganLeah's ghost is lightly damaged.
MorganLeah's ghost closely misses you.
You closely miss MorganLeah's ghost.
MorganLeah's ghost is lightly damaged.
MorganLeah's ghost barely misses you.
You hit MorganLeah's ghost.
MorganLeah's ghost is lightly damaged.
MorganLeah's ghost blocks your attack.
You bite MorganLeah's ghost.
MorganLeah's ghost is moderately damaged.
MorganLeah's ghost hits you!
You barely miss MorganLeah's ghost.
MorganLeah's ghost is moderately damaged.
MorganLeah's ghost gestures wildly while chanting.
MorganLeah's ghost blocks your attack.
MorganLeah's ghost is lightly damaged.
MorganLeah's ghost hits you.
MorganLeah's ghost shouts, "I have seen your future, and it is all used up."
MorganLeah's ghost gestures at you while chanting.
The shard of ice hits you! You partially resist.
You die...

.%..###### .........# ....####.#
################## ...##
#.#######................. #.##
#..............##########. #.#
#########.####.# #.
#.##############.# #.##########.
#.#...o.....).##.# #............
#.#.#########...@# #########..##
#.#.# #.W########## #..# #.#.##
#...........#####..##
#....########...####(.......#....
.....[................#.###.#.###
.....########.).####..#...#.#.#
..#.## #...####...###..#.## ..#.#
#.#...Y....# #.)...## .##.#
#...###....###.......


You could see MorganLeah's ghost.

Vanquished Creatures
  Maurice (D:8)
  Sigmund (D:5)
  A spriggan (D:8)
  A hippogriff (D:7)
  An orc warrior (D:7)
  2 ogres
  5 centaurs
  2 ice beasts (D:6)
  Blork the orc (D:5)
  3 giant frogs
  A scorpion (D:3)
  A jelly (D:1)
  4 wights (D:7)
  3 killer bees
  A crimson imp (D:6)
  4 orc priests
  Ijyb (D:2)
  2 hounds
  6 worker ants
  A giant frog skeleton (D:7)
  2 iguanas (D:5)
  7 orc wizards
  A worker ant zombie (D:7)
  13 gnolls
  9 adders
  2 shadow imps
  7 oozes (D:1)
  2 adder skeletons
  A worm (D:5)
  5 giant geckos
  26 orcs
  7 bats
  11 giant cockroaches
  15 hobgoblins
  11 jackals
  9 kobolds
  3 quokkas
  2 ball pythons
  A giant gecko zombie (D:3)
  7 giant newts
  9 goblins
  13 rats
205 creatures vanquished.

Vanquished Creatures (others)
  A gnoll (D:3)
  A quokka (D:3)
2 creatures vanquished.

Grand Total: 207 creatures vanquished

Notes
Turn   | Place    | Note
--------------------------------------------------------------
     0 | D:1      | Helmschank the Vampire Monk began the quest for the Orb.
     0 | D:1      | Reached XP level 1. HP: 17/17 MP: 1/1
     0 | D:1      | Noticed a jelly
     3 | D:1      | Found a runed door.
   172 | D:1      | Reached XP level 2. HP: 18/23 MP: 2/2
   642 | D:1      | Reached skill level 5 in Unarmed Combat
   991 | D:1      | Reached XP level 3. HP: 28/28 MP: 3/3
  1876 | D:1      | Killed a jelly
  1876 | D:1      | Reached skill level 6 in Unarmed Combat
  1876 | D:1      | Reached XP level 4. HP: 7/34 MP: 4/4
  2438 | D:2      | Noticed Ijyb
  2469 | D:2      | Killed Ijyb
  2469 | D:2      | Reached XP level 5. HP: 28/39 MP: 5/5
  3727 | D:2      | Upgraded the game from 0.17-a0-2220-g6fea741 to 0.17-a0-2231-gd80ca38
  3964 | D:3      | Found a white marble altar of Elyvilon.
  4100 | D:3      | Found a stormy altar of Qazlal.
  4164 | D:3      | Reached skill level 7 in Unarmed Combat
  4886 | D:3      | Reached skill level 5 in Dodging
  4886 | D:3      | Reached XP level 6. HP: 44/46 MP: 6/6
  6342 | D:4      | Found a glowing silver altar of Zin.
  6841 | D:4      | Reached skill level 8 in Unarmed Combat
  6856 | D:4      | Reached XP level 7. HP: 46/51 MP: 7/7
  7724 | D:5      | Entered Level 5 of the Dungeon
  7747 | D:5      | Reached skill level 5 in Stealth
  8327 | D:5      | Found a staircase to the Ecumenical Temple.
  8342 | Temple   | Entered the Ecumenical Temple
  8486 | D:5      | Noticed Blork the orc
  8505 | D:5      | Killed Blork the orc
  8861 | D:5      | Noticed Sigmund
  8871 | D:5      | Killed Sigmund
  8871 | D:5      | Reached skill level 9 in Unarmed Combat
  8949 | D:5      | Found a shadowy altar of Dithmenos.
  8950 | D:5      | Found a bloodstained altar of Trog.
  9690 | D:6      | Reached XP level 8. HP: 54/57 MP: 8/8
 10118 | D:6      | Reached skill level 10 in Unarmed Combat
 11013 | D:6      | Found a shimmering altar of Xom.
 11013 | D:6      | Found a burning altar of Makhleb.
 11027 | D:6      | Became a worshipper of Makhleb the Destroyer
 11027 | D:6      | Reached * piety under Makhleb
 11027 | D:6      | Reached ** piety under Makhleb
 11312 | D:5      | Found an iron altar of Okawaru.
 11312 | D:5      | Found a deep blue altar of Sif Muna.
 11473 | D:7      | Reached skill level 11 in Unarmed Combat
 11665 | D:6      | HP: 2/57 [poisoned by a killer bee]
 12131 | D:7      | Found a sacrificial altar of Ru.
 12196 | D:7      | Reached XP level 9. HP: 48/62 MP: 7/9
 12757 | D:7      | Reached skill level 1 in Throwing
 13014 | D:7      | Reached skill level 10 in Stealth
 13739 | D:8      | Noticed MorganLeah's ghost (novice GrIE)
 14245 | D:8      | Noticed Maurice
 14639 | D:7      | Reached skill level 12 in Unarmed Combat
 15005 | D:8      | Learned a level 2 spell: Stoneskin
 15085 | D:8      | Found an opulent altar of Gozag.
 15192 | D:8      | Killed Maurice
 15192 | D:8      | Reached skill level 1 in Spellcasting
 15192 | D:8      | Reached skill level 1 in Transmutations
 15210 | D:8      | Reached *** piety under Makhleb
 15220 | D:8      | Learned a level 2 spell: Ensorcelled Hibernation
 15331 | D:8      | Killed from afar by MorganLeah's ghost

Vault maps used:
D:1:      dpeg_arrival_caged_fury, glass_columns_a
D:2:      uniq_iyjb
D:3:      elyvilon_altar_4, minivault_25, hangedman_decor_push,
          grunt_qazlal_clouds
D:4:      zin_statuary
D:5:      nicolae_overflow_hidden_temple, minmay_temple_entry_grid, first_bread,
          uniq_sigmund, uniq_blork_the_orc, uniq_menkaure
D:6:      grunt_temple_overflow_champion_of_chaos
D:7:      kennysheep_mini_moat
D:8:      marbit_many_paths, grunt_pizzeria, uniq_maurice
Temple:   jpeg_temple_clearing_9

Action                   |  1- 3 |  4- 6 |  7- 9 || total
-------------------------+-------+-------+-------++-------
Melee: Unarmed           |    94 |   288 |   393 ||   775
Throw: Stone             |    38 |    31 |    13 ||    82
       Javelin           |       |       |     4 ||     4
 Abil: End Transformatio |     1 |     2 |     3 ||     6
       Bat Form          |     1 |     2 |     3 ||     6
Evoke: Wand              |       |       |     1 ||     1
  Use: Potion            |       |     7 |    13 ||    20
       Scroll            |       |     9 |     6 ||    15
 Stab: Sleeping          |     3 |    10 |    16 ||    29
       Distracted        |       |     3 |     3 ||     6
